 Dungeon Crawl Stone Soup version 0.28-a0-1447-ga5a8893891 (webtiles) character file.

Game seed: 534370144924776457

4143 blank1 the Nimble (level 10, -7/114 HPs)
             Began as a Djinni Fire Elementalist on Jan 12, 2022.
             Mangled by a boulder beetle (13 damage)
             ... on level 8 of the Dungeon.
             The game lasted 00:24:46 (10810 turns).

blank1 the Nimble (Djinni Fire Elementalist)       Turns: 10810, Time: 00:24:47

Health: -7/114     AC: 25    Str: 13    XL:     10   Next: 52%
Gold:   480        EV:  2    Int: 19    God:
                   SH:  0    Dex: 16

rFire   . . .      SeeInvis .   f - +0 dagger (protect)
rCold   . . .      Faith    .   (no shield)
rNeg    . . .      Spirit   .   (armour currently unavailable)
rPois   ∞          Reflect  .   (helmet currently unavailable)
rElec   .          Harm     .   (cloak currently unavailable)
rCorr   .          Rampage  .   (gloves currently unavailable)
Will    +....      NoTele   +   (boots unavailable)
Stlth   +++.......              (no amulet)
HPRegen 0.29/turn               m - +6 ring of strength
MPRegen 0.00/turn               (no ring)

@: tree-form
A: stationary, stasis, torment immunity, boosted hp, sickness immunity, (fire
resistance 2), (cold vulnerability 1), float, innate caster, hp casting, extra
vitality 1
a: no special abilities


You were on level 8 of the Dungeon.
You were a tree.
You visited 2 branches of the dungeon, and saw 9 of its levels.

You collected 480 gold pieces.

Inventory:

Hand Weapons
 f - a +0 dagger of protection (weapon)
Missiles
 r - 3 throwing nets
Armour
 i - a +1 pair of gloves of infusion (melded)
 k - a +0 helmet (melded)
 p - the +2 robe "Xiceur" (melded) {rC++ Slay+2}
   (You found it on level 6 of the Dungeon)

   Slay:      It affects your accuracy & damage with ranged weapons and melee
   (+2).
   rC:        It greatly protects you from cold.
Jewellery
 m - a +6 ring of strength (left branch)
Wands
 a - a wand of iceblast (11)
 h - a wand of polymorph (6)
 l - a wand of flame (20)
 q - a wand of acid (7)
 u - a wand of digging (8)
Scrolls
 g - 2 scrolls of teleportation
 j - a scroll of fog
 n - a scroll of vulnerability
 v - 4 scrolls of fear {unknown}
 w - a scroll of identify
 x - a scroll of magic mapping {unknown}
Potions
 b - 2 potions of attraction
 c - 2 potions of might
 d - a potion of lignification
 e - 2 potions of curing
 o - a potion of resistance {unknown}
 s - a potion of flight {unknown}
 t - a potion of mutation {unknown}


   Skills:
 - Level 8.0 Fighting
 - Level 8.0 Dodging
 - Level 5.0 Stealth
 + Level 7.0 Spellcasting


You had one spell level left.
You knew the following spells:

 Your Spells              Type           Power      Damage    Failure   Level
a - Foxfire               Conj/Fire      100%       2x1d9     1%          1
b - Scorch                Fire           66%        2d8       1%          2
c - Conjure Flame         Conj/Fire      33%        6-21      1%          3
d - Inner Flame           Hex/Fire       33%        N/A       1%          3
e - Flame Wave            Conj/Fire      33%        2d7       5%          4
f - Animate Skeleton      Necr           66%        N/A       1%          1
g - Searing Ray           Conj           66%        2d6       1%          2
h - Portal Projectile     Hex/Tloc       66%        N/A       1%          3
i - Teleport Other        Tloc           33%        N/A       1%          3
Your spell library was empty.

Dungeon Overview and Level Annotations

Branches:
Dungeon (8/15)             Temple (1/1) D:6
   Lair: D:8-11

Altars:
Cheibriados
Dithmenos
Elyvilon
Fedhas
Gozag
Hepliaklqana
Kikubaaqudgha
Nemelex Xobeh
Okawaru
Qazlal
Ru
Sif Muna
Trog
Uskayaw
Vehumet
Wu Jian
Xom
Yredelemnul
Zin
The Shining One

Shops:
D:1 (


Innate Abilities, Weirdness & Mutations

You are a tree.
Your roots penetrate the ground, keeping you stationary.
You cannot be teleported.
You are immune to unholy pain and torment.
Your maximum health is greatly increased.
Your equipment is partially melded.
You are immune to sickness and miasma.
You are immune to poison.
((Your flesh is very heat resistant. (rF++)))
((You are vulnerable to cold. (rC-)))
You float through the air rather than walking.
You learn spells naturally, not from books.
Your magical power is your life essence.
You have superior vitality. (+4 MHP)


Message History

The boulder beetle bites you!
* * * LOW HITPOINT WARNING * * *
Casting: Scorch (safe; 1% risk of failure)
Confirm with . or Enter, or press ? or * to list all spells.
Flames lash the boulder beetle but do no damage.
* * * LOW HITPOINT WARNING * * *
The boulder beetle bites you!
* * * LOW HITPOINT WARNING * * *
Casting: Scorch (safe; 1% risk of failure)
Confirm with . or Enter, or press ? or * to list all spells.
Flames lash the boulder beetle.
The boulder beetle is burned terribly!
The boulder beetle is heavily wounded.
* * * LOW HITPOINT WARNING * * *
The boulder beetle misses you.
Unknown command.
Things that are here:
29 arrows; a +0 shortbow Really quaff the potion of lignification?
Okay, then.
Really quaff the potion of lignification?
You turn into a tree.
Your +0 helmet melds into your body.
Your +1 pair of gloves of infusion melds into your body.
The +2 robe "Xiceur" {rC++ Slay+2} melds into your body.
You feel magic leave your hands.
Your roots penetrate the ground.
The boulder beetle barely misses you.
Unknown command.
Casting: Scorch (safe; 1% risk of failure)
Confirm with . or Enter, or press ? or * to list all spells.
Flames lash the boulder beetle.
The boulder beetle is heavily wounded.
* * * LOW HITPOINT WARNING * * *
The boulder beetle bites you but does no damage.
Unknown command.
Casting: Scorch (safe; 1% risk of failure)
Confirm with . or Enter, or press ? or * to list all spells.
Flames lash the boulder beetle.
The boulder beetle is burned terribly!
The boulder beetle is severely wounded.
* * * LOW HITPOINT WARNING * * *
The boulder beetle bites you!
You die...

..#..####.## .# .#......... '.
.'.#####.## #.# #.#.#####.# #..#
...#....##.# ...###...#....##.#
...... #....##.## ######
#####'#####....##.÷. ...#c##
#..♣..............## ...#.. .#..
#..B.[..............
...#.##..'...#..###..............
...#..'..# .#.## #..............
...'.# .'.## #..............
...#..'.$# ..#..# #............<.
...#.##..'...#.§#########........
...#.. .#.. #...########..###...
...#Z## ### #...##.......##.....


You could see a boulder beetle (combustible).

Vanquished Creatures
  A troll (D:7)
  2 hornets
  2 steam dragons (D:8)
  Edmund (D:5)
  3 water moccasins
  2 orc warriors (D:8)
  3 black bears
  A sky beast (D:7)
  2 ogres
  A phantom (D:5)
  2 centaurs
  A kobold brigand (D:6)
  A wyvern zombie (D:5)
  3 bullfrogs
  2 water moccasin zombies (D:5)
  A gnoll sergeant (D:5)
  4 water moccasin skeletons (D:5)
  4 wights (D:7)
  4 centaur zombies
  A bullfrog zombie (D:5)
  5 orc priests
  3 hounds
  2 bullfrog skeletons
  3 iguanas
  Ijyb (D:5)
  5 orc wizards
  2 scorpion zombies (D:5)
  2 hound zombies (D:5)
  A hound skeleton (D:5)
  Robin (D:2)
  3 howler monkey zombies
  8 gnolls
  4 adders
  A shadow imp (D:7)
  2 white imps
  An ufetubus (D:5)
  An adder skeleton (D:5)
  A worm (D:2)
  2 dart slugs (D:1)
  13 orcs
  13 endoplasms
  4 giant cockroaches
  10 goblins
  8 hobgoblins
  3 jackals (D:2)
  9 kobolds
  3 quokkas
  3 ball pythons
  5 bats
  6 frilled lizards
  5 rats
171 creatures vanquished.

Vanquished Creatures (collateral kills)
  2 foxfires (D:5)
2 creatures vanquished.

Vanquished Creatures (others)
  465 foxfires
  4 plants (D:6)
  8 withered plants (D:5)
477 creatures vanquished.

Grand Total: 650 creatures vanquished

Notes
Turn   | Place    | Note
-------+----------+-------------------------------------------
     0 | D:1      | blank1 the Djinni Fire Elementalist began the quest for the
                  | Orb.
     0 | D:1      | Reached XP level 1. HP: 15/15 MP: 0/0
   281 | D:1      | Reached XP level 2. HP: 19/22 MP: 0/0
   734 | D:1      | Reached skill level 1 in Fighting
   747 | D:1      | Reached XP level 3. HP: 26/27 MP: 0/0
   747 | D:1      | Learned a level 1 spell: Animate Skeleton
   755 | D:1      | Found Ymigogh's Weapon Boutique.
  1670 | D:2      | Reached XP level 4. HP: 29/32 MP: 0/0
  1956 | D:2      | Noticed Robin
  1963 | D:2      | Killed Robin
  2927 | D:3      | Reached XP level 5. HP: 36/38 MP: 0/0
  2927 | D:3      | Learned a level 2 spell: Searing Ray
  3231 | D:4      | Found a basalt altar of Yredelemnul.
  3233 | D:4      | Found a blossoming altar of Fedhas.
  3312 | D:4      | Found a glowing silver altar of Zin.
  3969 | D:4      | Noticed an ogre
  3976 | D:4      | Killed an ogre
  3977 | D:4      | Reached XP level 6. HP: 36/46 MP: 0/0
  4099 | D:5      | Entered Level 5 of the Dungeon
  4653 | D:5      | Reached XP level 7. HP: 47/52 MP: 0/0
  4653 | D:5      | Learned a level 3 spell: Portal Projectile
  4891 | D:5      | Reached skill level 5 in Dodging
  5133 | D:5      | Noticed Ijyb
  5142 | D:5      | Killed Ijyb
  5219 | D:5      | Reached XP level 8. HP: 42/58 MP: 0/0
  5588 | D:5      | Reached skill level 5 in Spellcasting
  5771 | D:5      | Reached skill level 5 in Fighting
  6071 | D:5      | Noticed Edmund
  6086 | D:5      | Killed Edmund
  6574 | D:6      | Found a staircase to the Ecumenical Temple.
  6590 | D:6      | Identified the +2 robe "Xiceur" {rC++ Slay+2}
  6604 | D:6      | Reached XP level 9. HP: 53/66 MP: 0/0
  6604 | D:6      | Learned a level 3 spell: Teleport Other
  6610 | Temple   | Entered the Ecumenical Temple
  8716 | D:7      | Noticed a hornet
  8727 | D:7      | Killed a hornet
  9186 | D:7      | Found a glowing golden altar of the Shining One.
  9350 | D:7      | Reached XP level 10. HP: 53/75 MP: 0/0
 10031 | D:8      | Reached skill level 5 in Stealth
 10791 | D:8      | Noticed a boulder beetle
 10810 | D:8      | Mangled by a boulder beetle

Illustrated notes

Levels and vault maps discovered:
D:1:      dpeg_arrival_stone_temple_mockup, layout_loops_ring, serial_shops,
          shop
D:2:      layout_loops_ring, basic_altar, grunt_ministairs_10,
          kennysheep_decorative_pillar, uniq_robin
D:3:      layout_basic
D:4:      layout_loops_ring, amcnicky_altar_gilded,
          mainiacjoe_overflow_catwalk_spiral
D:5:      layout_loops_ring, serial_undead, serial_undead_f, serial_undead_f,
          serial_undead_a, serial_undead_d, serial_undead_e, serial_undead_a,
          serial_undead_c, serial_undead_c, uniq_ijyb, uniq_edmund
D:6:      layout_loops_cross, minmay_temple_entry_overgrown
D:7:      layout_loops_corners, tso_altar
D:8:      minmay_the_grid_plus [minmay_the_grid_dragon_a, minmay_the_grid_tree,
          minmay_the_grid_gridbox, minmay_the_grid_tri_star,
          minmay_the_grid_prize_inner_circle], layout_rooms,
          general_overflow_altar, minmay_bent
Temple:   eino_temple_scatter_basement

Skill      XL: |  1  2  3  4  5  6  7  8  9 10 |
---------------+-------------------------------+-----
Fighting       | 1 3 4 6 7 8 |  8.0
Stealth        | 2 3 4 5 |  5.0
Dodging        | 3 5 6 7 8 |  8.0
Spellcasting   | 3 4 5 6 7 |  7.0

Action                   |  1- 3 |  4- 6 |  7- 9 | 10-12 || total
-------------------------+-------+-------+-------+-------++-------
Melee: Dagger            |     2 |       |       |       ||     2
       Unarmed           |     1 |       |       |       ||     1
 Cast: Foxfire           |    56 |    88 |    90 |    45 ||   279
       Scorch            |     5 |    35 |   137 |    47 ||   224
       Conjure Flame     |       |     3 |    12 |     3 ||    18
       Searing Ray       |       |       |     2 |       ||     2
       Teleport Other    |       |       |       |     6 ||     6
  Use: Scroll            |       |     8 |     3 |     1 ||    12
       Potion            |       |       |       |     1 ||     1
Armor: Robe              |     2 |       |     8 |     9 ||    19
       Skin              |       |       |       |     1 ||     1
Dodge: Dodged            |    10 |    12 |    34 |    45 ||   101

Table legend: (Time is in decaauts)
 A = Elapsed time spent in this place.
 B = Non-inter-level travel time spent in this place.
 C = Inter-level travel time spent in this place.
 D = Time resting spent in this place.
 E = Time spent auto-exploring this place.
 F = Levels seen in this place.
 G = Mean time per level.
                   A        B        C        D        E       F      G
               +--------+--------+--------+--------+--------+-----+--------+
         Total |  10816 |  10338 |    478 |   1357 |   7583 |   9 | 1201.8 |
       Dungeon |  10583 |  10118 |    465 |   1357 |   7380 |   8 | 1322.9 |
        Temple |    232 |    219 |     13 |      0 |    203 |   1 |  232.0 |
               +--------+--------+--------+--------+--------+-----+--------+

Top non-repeatable levels by time:
     D:7: 2411 daAuts
     D:5: 2321 daAuts
     D:2: 1272 daAuts
     D:1: 1268 daAuts
     D:4: 1179 daAuts
     D:6: 804 daAuts
     D:8: 678 daAuts
     D:3: 647 daAuts
  Temple: 232 daAuts
